cohdb
Replays
Latest Replays
All Replays
Popular Replays
Top Player Replays
Match Explorer
How It Works
Community
CoH3 Stats
Reddit
Sign in to upload your games and track your stats! →
Sign in with Steam
Match 41524106
Unlisted
Match 41524106
Overview
Messages
Build Orders
End
Selects Australian Defense Battlegroup
Selects Australian Light Infantry Section
Australian Light Infantry Section
Construct Section Command Post
Infantry Section
Infantry Section
Selects 2-pounder Anti-tank Gun Team
Infantry Section
Construct Field Infirmary
Construct Platoon Command Post
Unlock M3 Stuart Light Tanks
2-pounder Anti-tank Gun Team
Selects Vehicle Over Repair
Selects Vehicle Over Repair
M3 Stuart Light Tank
Royal Engineer Section
2-pounder Anti-tank Gun Team
Null
Altrersyr
0
0
Comments
sign in to comment!
No comments posted yet!